 Dungeon Crawl Stone Soup version 0.23-b1-75-g379dba2534 (webtiles) character file.

Game seed: 11077857755222257203

179884 McKennaii the Peltast (level 17, -3/133 HPs)
             Began as a Demonspawn Fighter on Feb 6, 2019.
             Was the Champion of Makhleb.
             Drowned by a drowned soul (8 damage)
             ... summoned by a merfolk avatar
             ... on level 4 of the Shoals.
             The game lasted 01:32:53 (26149 turns).

McKennaii the Peltast (Demonspawn Fighter)         Turns: 26149, Time: 01:32:54

Health: -3/133     AC: 36    Str: 28    XL:     17   Next: 30%
Magic:  0/22       EV: 10    Int: 15    God:    Makhleb [******]
Gold:   1708       SH: 22    Dex: 18    Spells: 16/16 levels left

rFire    + + .     SeeInvis +   (no weapon)
rCold    . . .     Gourm    .   t - +0 large shield
rNeg     . . .     Faith    .   X - +2 plate armour {rF+}
rPois    .         Spirit   +   J - +3 crown of Dyrovepreva {rElec Int+2 SInv}
rElec    +         Reflect  .   T - +0 cloak of Love and Death {Slay+2}
rCorr    .         Harm     .   Q - +0 pair of gloves
MR       +....                  w - +0 pair of boots of Foew {Str+5 Int+2}
Stlth    ..........             d - amulet of guardian spirit
HPRegen  0.32/turn              q - +6 ring of dexterity
MPRegen  0.18/turn              W - ring of Robustness {AC+8}

@: mesmerised, very slow
A: horns 2, yellow scales 2, fire resistance 1, spiny 2, augmentation 1, flame
cloud immunity
}: 1/15 runes: barnacled
a: Minor Destruction, Lesser Servant of Makhleb, Major Destruction, Greater
Servant of Makhleb, Renounce Religion


You were on level 4 of the Shoals.
You worshipped Makhleb.
Makhleb was exalted by your worship.
You were very hungry.

You visited 5 branches of the dungeon, and saw 28 of its levels.
You also visited: Gauntlet.

You collected 2851 gold pieces.
You spent 1143 gold pieces at shops.

Inventory:

Hand Weapons
 C - the +9 scimitar of Wumaz {vamp, rF+}
   (You took it off a merfolk on level 4 of the Shoals)

   It inflicts no extra harm, but heals its wielder when it wounds a living foe.
   It protects you from fire.
Armour
 t - a +0 large shield (worn)
 w - the +0 pair of boots of Foew (worn) {Str+5 Int+2}
   (You found it on level 4 of the Dungeon)

   It affects your strength (+5).
   It affects your intelligence (+2).
 J - the +3 crown of Dyrovepreva (worn) {rElec Int+2 SInv}
   (You bought it in a shop on level 9 of the Dungeon)

   It affects your intelligence (+2).
   It insulates you from electricity.
   It lets you see invisible.
 Q - a +0 pair of gloves (worn)
 T - the +0 cloak of Love and Death (worn) {Slay+2}
   (You found it in a Gauntlet)

   It affects your accuracy and damage with ranged weapons and melee attacks
   (+2).
 X - a +2 plate armour of fire resistance (worn)
Jewellery
 d - an amulet of guardian spirit (around neck)
 q - a +6 ring of dexterity (left hand)
 W - the ring of Robustness (right hand) {AC+8}
   (You found it in a Gauntlet)

   [ring of protection]

   It affects your AC (+8).
Wands
 b - a wand of polymorph (21)
 s - a wand of random effects (70)
 y - a wand of disintegration (35)
 H - a wand of iceblast (33)
 I - a wand of paralysis (9)
 P - a wand of flame (48)
 S - a wand of acid (25)
 V - a wand of digging (14)
 Y - a wand of scattershot (3)
Scrolls
 e - 6 scrolls of blinking
 g - 9 scrolls of amnesia
 h - 8 scrolls of identify
 i - 6 scrolls of teleportation
 j - 6 scrolls of enchant armour
 k - 9 scrolls of magic mapping
 n - 4 scrolls of fear
 p - 16 scrolls of remove curse
 x - 3 scrolls of vulnerability {unknown}
 D - 2 scrolls of summoning
 F - 4 scrolls of fog {unknown}
 K - 3 scrolls of brand weapon {unknown}
 N - 3 scrolls of enchant weapon {unknown}
 U - a scroll of immolation
 Z - a scroll of silence
Potions
 a - 3 potions of cancellation
 l - 5 potions of magic
 m - 5 potions of flight {unknown}
 o - 7 potions of mutation
 r - 7 potions of degeneration {unknown}
 v - 4 potions of brilliance {unknown}
 z - a potion of ambrosia
 A - 2 potions of haste
 E - 3 potions of invisibility
 G - a potion of resistance
 L - 3 potions of lignification {unknown}
 M - 3 potions of agility {unknown}
 O - 2 potions of might
Comestibles
 f - 52 rations


   Skills:
 * Level 12.0 Fighting
 * Level 14.9 Long Blades
 * Level 13.2 Armour
 + Level 5.4 Dodging
 + Level 3.2 Stealth
 * Level 16.5 Shields
 + Level 0.5 Unarmed Combat
 + Level 6.8 Invocations


You had 16 spell levels left.
You didn't know any spells.
Your spell library contained the following spells:

 Spells                   Type           Power        Failure   Level  Hunger
 Animate Skeleton         Necr           N/A          99%         1    ##.....
 Beastly Appendage        Tmut           #.....       99%         1    ##.....
 Corona                   Hex            #......      99%         1    ##.....
 Infusion                 Chrm           #...         99%         1    ##.....
 Pain                     Necr           #...         99%         1    ##.....
 Sandblast                Erth           #.....       99%         1    ##.....
 Shock                    Conj/Air       #...         99%         1    ##.....
 Ensorcelled Hibernation  Hex/Ice        #.....       100%        2    ###....
 Passwall                 Tmut/Erth      #.......     100%        2    ###....
 Shroud of Golubria       Chrm/Tloc      #.........   100%        2    ###....
 Song of Slaying          Chrm           #.......     100%        2    ###....
 Sticks to Snakes         Tmut           #.......     100%        2    ###....
 Swiftness                Chrm/Air       #.......     100%        2    ###....
 Confuse                  Hex            #.......     100%        3    ####...
 Dazzling Spray           Conj/Hex       #.....       100%        3    ####...
 Regeneration             Chrm/Necr      #.........   100%        3    ####...
 Spectral Weapon          Hex/Chrm       #.......     100%        3    ####...
 Spider Form              Tmut/Pois      #.........   100%        3    ####...
 Static Discharge         Conj/Air       #.......     100%        3    ####...
 Stone Arrow              Conj/Erth      #.....       100%        3    ####...
 Tukima's Dance           Hex            #.......     100%        3    ####...
 Vampiric Draining        Necr           #.........   100%        3    ####...
 Airstrike                Air            #.........   100%        4    #####..
 Animate Dead             Necr           N/A          100%        4    #####..
 Ice Form                 Ice/Tmut       #.......     100%        4    #####..
 Petrify                  Tmut/Erth      #.......     100%        4    #####..
 Blade Hands              Tmut           #.........   100%        5    ######.
 Borgnjor's Vile Clutch   Necr/Erth      #.........   100%        5    ######.
 Lee's Rapid Deconstruct  Erth           #.........   100%        5    ######.
 Lightning Bolt           Conj/Air       #.........   100%        5    ######.
 Silence                  Hex/Air        #.........   100%        5    ######.
 Darkness                 Hex            #.........   100%        6    #######
 Shadow Creatures         Summ           N/A          100%        6    #######
 Malign Gateway           Summ/Tloc      #.........   100%        7    #######
 Monstrous Menagerie      Summ           #.........   100%        7    #######
 Summon Greater Demon     Summ           #.........   100%        7    #######
 Ignition                 Fire           #.........   100%        8    #######
 Summon Horrible Things   Summ           #.........   100%        8    #######
 Shatter                  Erth           #.........   100%        9    #######
 Tornado                  Air            #.........   100%        9    #######


Dungeon Overview and Level Annotations

Branches:
Dungeon (15/15)            Temple (1/1) D:5            Lair (6/6) D:10
 Shoals (4/4) Lair:2       Spider (0/4) Lair:4        Slime (0/5) Lair:5
    Orc (2/2) D:11            Elf (0/3) Orc:2        Vaults (0/5) D:13
 Depths (0/5) D:15

Altars:
Ashenzari
Cheibriados
Dithmenos
Elyvilon
Fedhas
Gozag
Hepliaklqana
Kikubaaqudgha
Makhleb
Nemelex Xobeh
Okawaru
Qazlal
Ru
Sif Muna
Trog
Uskayaw
Vehumet
Wu Jian
Xom
Yredelemnul
Zin
The Shining One

Shops:
D:9 [   D:13 *   Orc:1 *?![   Orc:2 *[}(?   Shoals:3 (

Annotations:
D:5 3 runed translucent doors, NeAGen181's ghost, novice HOFi
Shoals:1 1 runed translucent door


Innate Abilities, Weirdness & Mutations

You have a pair of horns on your head.
You are mostly covered in yellow scales. (AC +3)
Your flesh is heat resistant. (rF+)
You are mostly covered in sharp spines.
Your magical and physical power is slightly enhanced at high health.
You are immune to clouds of flame.


Message History

You feel better.
You feel less invigorated.
The merfolk avatar chants its luring song.
Unknown command.
Your unstable footing causes you to fumble your attack.
You block the drowned soul's attack.
The merfolk avatar chants its luring song.
Unknown command.
You hit the merfolk avatar but do no damage.
The merfolk avatar is almost dead.
You block the drowned soul's attack.
The merfolk avatar chants its luring song.
Unknown command.
Your unstable footing causes you to fumble your attack.
You block the drowned soul's attack. The drowned soul touches you.
The drowned soul drowns you!
* * * LOW HITPOINT WARNING * * *
The merfolk avatar chants its luring song.
The drowned soul is struck by your spines.
The drowned soul touches you. The drowned soul drowns you!
You die...

..≈≈≈≈.###.#.#.###....≈≈≈≈≈≈≈≈
..≈≈≈≈.≈#.≈...≈.#≈..≈≈≈≈≈≈≈≈≈≈
.≈≈≈≈≈.###.#.#)##...≈≈≈≈≈≈≈≈≈≈
.≈≈≈≈≈..#...≈).(#≈..≈≈)≈≈≈≈≈≈≈
≈≈≈≈≈≈.##...##(###..^≈≈≈≈≈≈≈≈≈
≈≈≈≈≈≈≈..#######...≈≈≈≈≈≈≈≈≈≈≈
≈≈≈≈≈≈≈≈.##≈####≈≈≈≈≈≈≈≈≈≈≈≈≈≈
≈≈≈≈≈≈≈≈≈≈≈≈≈≈≈≈≈≈≈≈≈≈≈≈≈≈≈≈≈≈
≈≈≈≈≈≈≈≈≈≈≈≈≈≈≈W@≈≈≈≈≈≈≈≈≈≈≈≈≈
≈≈≈≈≈≈≈≈≈≈≈W≈≈≈m≈≈≈≈≈≈≈≈≈≈≈≈≈≈
≈≈≈≈≈≈≈≈≈≈≈≈≈≈≈≈≈≈≈≈W≈≈≈≈≈≈≈≈≈
≈≈≈≈≈≈≈≈≈≈≈≈≈≈≈≈≈≈≈≈≈≈≈≈≈≈≈
##########################


You could see a merfolk avatar and 3 drowned souls.

Vanquished Creatures
  Polyphemus (Shoals:3)
  5 krakens
  Agnes (D:13)
  Roxanne (Shoals:1)
  Louise (Shoals:3)
  A minotaur (Gauntlet)
  2 merfolk javelineers (Shoals:3)
  An ettin (D:13)
  Snorg (D:13)
  A fire dragon (D:14)
  7 merfolk impalers
  Erolcha (Orc:2)
  A rakshasa (D:15)
  Harold (Orc:1)
  4 hydras
  3 catoblepae
  3 merfolk aquamancers (Shoals:4)
  3 centaur warriors
  7 two-headed ogres
  An ogre mage (D:15)
  A satyr (Shoals:3)
  3 merfolk avatars
  15 death yaks
  5 orc high priests
  A glowing orange brain (D:15)
  8 sea snakes
  5 unseen horrors
  A kraken simulacrum (Shoals:4)
  A necromancer (D:13)
  A lindwurm (Lair:5)
  4 orc knights
  14 harpies
  A mana viper (shapeshifter) (D:15)
  A harpy (shapeshifter) (D:15)
  12 ugly things (D:15)
  2 deep elf magi (D:15)
  9 manticores
  4 cyclopes
  An oklob plant (Lair:1)
  16 fauns
  8 orc sorcerers
  20 elephants
  8 merfolk sirens
  A spectral centaur (Gauntlet)
  4 black mambas
  2 centaur zombies (D:14)
  3 water nymphs
  10 spiny frogs
  3 gargoyles
  3 kobold demonologists
  A rime drake (Lair:2)
  7 komodo dragons
  A rime drake (shapeshifter) (D:15)
  5 trolls
  A troll (shapeshifter) (D:15)
  8 polar bears
  27 merfolk
  5 hornets
  4 wind drakes
  2 tengu conjurers (D:15)
  7 snapping turtles
  27 blink frogs
  5 slime creatures
  8 dream sheep
  16 hippogriffs
  A spectral meliai (Gauntlet)
  4 shadows
  13 spriggans (Lair:6)
  5 water elementals
  3 wraiths
  2 wyverns
  2 hungry ghosts
  2 fire bats (Lair:3)
  27 yaks
  2 basilisks
  A steam dragon (Lair:4)
  4 wargs
  9 water moccasins
  A soldier ant (D:12)
  6 porcupines
  7 sky beasts
  3 ice beasts
  24 orc warriors
  6 black bears
  7 necrophages
  3 eyes of draining
  21 wolves
  14 centaurs
  A phantom (D:5)
  15 ogres
  4 boggarts (Lair:6)
  13 crocodiles
  3 big kobolds
  Blork the orc (D:6)
  16 bullfrogs
  2 gnoll sergeants
  A water moccasin zombie (D:7)
  3 scorpions
  14 killer bees
  3 wights (D:7)
  6 crimson imps
  14 jellies
  A lava snake (Lair:3)
  2 quasits
  5 centaur skeletons
  Crazy Yiuf (D:3)
  7 hounds
  16 orc priests
  2 gnoll shamans
  27 orc wizards
  4 bullfrog skeletons
  2 iron imps (Gauntlet)
  6 iguanas
  2 hell rats (D:10)
  13 worker ants
  2 hound zombies
  A hound skeleton (D:9)
  3 worker ant zombies
  A howler monkey skeleton (D:4)
  18 adders
  15 gnolls
  4 river rats (D:10)
  6 shadow imps
  7 oozes
  An adder zombie (D:7)
  2 adder skeletons
  3 worms
  2 dart slugs (D:1)
  6 leopard geckos
  77 orcs
  A ball python (D:3)
  8 giant cockroaches
  11 goblins
  8 hobgoblins
  6 jackals
  23 kobolds
  5 quokkas
  3 bats
  5 frilled lizards
  A jackal zombie (D:5)
  A leopard gecko zombie (D:6)
  4 quokka skeletons
  8 rats
  2 demonic plants (Gauntlet)
  A fungus (D:3)
  4 plants
  12 tentacles
939 creatures vanquished.

Vanquished Creatures (collateral kills)
  An orc warlord (Orc:2)
  Josephine (D:14)
  A merfolk javelineer (Shoals:4)
  2 merfolk impalers (Shoals:4)
  2 hydras
  An orc high priest (Orc:2)
  A deep troll (D:13)
  A death drake (Gauntlet)
  A sea snake (Shoals:4)
  A harpy (Shoals:4)
  2 orc knights (Orc:2)
  A slime creature (Gauntlet)
  A manticore (D:13)
  A merfolk siren (Shoals:4)
  A minotaur zombie (Gauntlet)
  A kobold demonologist (D:14)
  A troll (Orc:2)
  A wind drake (Shoals:4)
  A merfolk (Shoals:4)
  A snapping turtle (Shoals:4)
  A ynoxinul (Gauntlet)
  A yak (D:12)
  A wraith (D:14)
  6 orc warriors (Orc:2)
  An ice beast (D:13)
  An ogre (Orc:2)
  An orc priest (Orc:2)
  An orc wizard (Orc:2)
  2 iron imps (Gauntlet)
  4 orcs
  3 kobolds (D:14)
45 creatures vanquished.

Vanquished Creatures (others)
  A merfolk aquamancer (Shoals:4)
  An orc priest (Orc:2)
  2 demonic plants (Gauntlet)
  5 fungi
  11 plants
  92 tentacles
112 creatures vanquished.

Grand Total: 1096 creatures vanquished

Notes
Turn   | Place    | Note
-------+----------+-------------------------------------------
     0 | D:1      | McKennaii the Demonspawn Fighter began the quest for the
                  | Orb.
     0 | D:1      | Reached XP level 1. HP: 18/18 MP: 1/1
   351 | D:1      | Gained mutation: You have a pair of small horns on your
                  | head. [demonic ancestry]
   351 | D:1      | Reached XP level 2. HP: 24/24 MP: 2/2
   490 | D:1      | Reached skill level 3 in Shields
   510 | D:1      | Gained mutation: You are partially covered in yellow
                  | scales. (AC +2) [demonic ancestry]
   510 | D:1      | Reached XP level 3. HP: 27/29 MP: 3/3
   727 | D:2      | Found an iron altar of Okawaru.
  1454 | D:2      | Gained mutation: You are partially covered in sharp spines.
                  | [demonic ancestry]
  1454 | D:2      | Reached XP level 4. HP: 33/35 MP: 4/4
  1731 | D:2      | Found a deep blue altar of Sif Muna.
  1835 | D:3      | Found a shattered altar of Ashenzari.
  2378 | D:3      | Found a sparkling altar of Nemelex Xobeh.
  2521 | D:3      | Found a runed translucent door.
  2522 | D:3      | Noticed Crazy Yiuf
  2530 | D:3      | Killed Crazy Yiuf
  2530 | D:3      | Gained mutation: Your flesh is heat resistant. (rF+)
                  | [demonic ancestry]
  2530 | D:3      | Reached XP level 5. HP: 25/41 MP: 5/5
  3122 | D:4      | Reached XP level 6. HP: 43/47 MP: 4/6
  3165 | D:4      | Got a pair of polished boots
  3176 | D:4      | Identified the cursed +0 pair of boots of Foew {Str+5
                  | Int+2} (You found it on level 4 of the Dungeon)
  3420 | D:5      | Entered Level 5 of the Dungeon
  3423 | D:5      | Found a bloodstained altar of Trog.
  3435 | D:5      | Reached skill level 4 in Shields
  3498 | D:5      | Reached skill level 1 in Dodging
  3639 | D:5      | Reached XP level 7. HP: 37/52 MP: 5/7
  3676 | D:5      | Reached skill level 5 in Armour
  3677 | D:5      | Found a staircase to the Ecumenical Temple.
  3845 | Temple   | Entered the Ecumenical Temple
  4045 | Temple   | Became a worshipper of Makhleb the Destroyer
  4105 | D:5      | Found a runed translucent gate.
  4111 | D:5      | Found an opulent altar of Gozag.
  4112 | D:5      | Found a runed translucent gate.
  4112 | D:5      | Found a runed translucent gate.
  4114 | D:5      | Noticed NeAGen181's ghost (novice HOFi)
  4341 | D:5      | Found a glowing golden altar of the Shining One.
  4341 | D:5      | Found a hide-covered altar of Uskayaw.
  4642 | D:6      | Noticed Blork the orc
  4652 | D:6      | Killed Blork the orc
  4747 | D:6      | Got an obsidian-encrusted ring mail
  4758 | D:6      | Identified the +2 ring mail of Amorality {Regen+ Int+4}
                  | (You found it on level 6 of the Dungeon)
  4950 | D:6      | Reached skill level 1 in Stealth
  4950 | D:6      | Reached XP level 8. HP: 56/60 MP: 8/8
  5030 | D:6      | Reached skill level 5 in Long Blades
  5030 | D:6      | Reached skill level 5 in Shields
  5192 | D:7      | Reached * piety under Makhleb
  5317 | D:7      | Noticed a gargoyle
  5332 | D:7      | Killed a gargoyle
  5332 | D:7      | Reached skill level 6 in Shields
  5332 | D:7      | Reached XP level 9. HP: 47/65 MP: 6/9
  5363 | D:7      | Noticed a cyclops
  5385 | D:7      | Killed a cyclops
  5574 | D:7      | Found a shimmering altar of Xom.
  5579 | D:7      | Reached skill level 7 in Shields
  5590 | D:7      | Reached ** piety under Makhleb
  6070 | D:8      | Reached skill level 5 in Fighting
  6070 | D:8      | Reached XP level 10. HP: 44/74 MP: 4/10
  6095 | D:8      | Found a glowing silver altar of Zin.
  6202 | D:8      | Reached *** piety under Makhleb
  6577 | D:8      | Found a basalt altar of Yredelemnul.
  6848 | D:9      | Reached skill level 8 in Shields
  6860 | D:9      | Found Founyuh's Armour Shop.
  6868 | D:9      | Bought the +3 crown of Dyrovepreva {rElec Int+2 SInv} for
                  | 538 gold pieces
  6868 | D:9      | Found the +3 crown of Dyrovepreva {rElec Int+2 SInv}
  7177 | D:9      | Reached **** piety under Makhleb
  7451 | D:10     | Entered Level 10 of the Dungeon
  7662 | D:10     | Noticed a death yak
  7663 | D:10     | Noticed a death yak
  7664 | D:10     | Found a staircase to the Lair.
  7664 | D:10     | Noticed a death yak
  7695 | D:10     | Killed a death yak
  7708 | D:10     | Killed a death yak
  7740 | D:10     | Killed a death yak
  7740 | D:10     | Reached XP level 11. HP: 74/81 MP: 6/11
  8158 | D:11     | Found a staircase to the Orcish Mines.
  8376 | D:11     | Reached skill level 9 in Shields
  8539 | D:11     | Reached ***** piety under Makhleb
  8696 | D:11     | Noticed an unseen horror
  8706 | D:11     | Killed an unseen horror
  9322 | D:12     | Found a gate leading to a gauntlet.
  9366 | Gauntlet | Entered a Gauntlet
  9366 | Gauntlet | Found a transporter.
  9373 | Gauntlet | Found a transporter.
  9375 | Gauntlet | Found a transporter.
  9386 | Gauntlet | Found a transporter.
  9387 | Gauntlet | Found a transporter.
  9396 | Gauntlet | Noticed a wretched star
  9399 | Gauntlet | Found a transporter.
  9411 | Gauntlet | Found a transporter.
  9422 | Gauntlet | Noticed a thrashing horror
  9424 | Gauntlet | Found a transporter.
  9431 | Gauntlet | Found a runed translucent gate.
  9431 | Gauntlet | Found a runed translucent gate.
  9431 | Gauntlet | Found a runed translucent gate.
  9432 | Gauntlet | Noticed a death drake
  9434 | Gauntlet | Found a transporter.
  9448 | Gauntlet | Found a transporter.
  9448 | Gauntlet | Found a transporter.
  9460 | Gauntlet | Noticed a wretched star
  9462 | Gauntlet | Found a transporter.
  9472 | Gauntlet | Found a transporter.
  9519 | Gauntlet | Found a transporter.
  9608 | Gauntlet | Got a twisted hunting sling
  9699 | Gauntlet | Reached skill level 10 in Shields
  9715 | Gauntlet | Killed a death drake
  9729 | Gauntlet | Got a heavily runed cloak
  9742 | Gauntlet | Identified the +0 cloak of Love and Death {Slay+2} (You
                  | found it in a Gauntlet)
  9834 | Gauntlet | Identified the cursed +1 hunting sling of Fortitude {venom,
                  | rElec MP+9} (You found it in a Gauntlet)
  9871 | Gauntlet | Identified the +9 hunting sling of Fuded {freeze, rN+
                  | Str+4}
  9871 | Gauntlet | Noticed a minotaur
  9891 | Gauntlet | Reached skill level 1 in Invocations
  9918 | Gauntlet | Killed a minotaur
  9938 | Gauntlet | Found the ring of Robustness {AC+8}
 10138 | D:12     | Reached skill level 10 in Long Blades
 10138 | D:12     | Gained mutation: You are mostly covered in yellow scales.
                  | (AC +3) [demonic ancestry]
 10138 | D:12     | Reached XP level 12. HP: 89/89 MP: 5/13
 10180 | D:12     | Noticed a two-headed ogre
 10186 | D:12     | Killed a two-headed ogre
 10232 | D:12     | You fall through a shaft for 2 floors!
 10232 | D:14     | Noticed a centaur warrior
 10233 | D:14     | Noticed Agnes
 10239 | D:14     | Noticed a seven-headed hydra
 10255 | D:13     | Killed Agnes
 10478 | D:13     | Noticed a two-headed ogre
 10486 | D:13     | Killed a two-headed ogre
 10488 | D:13     | Noticed Snorg
 10502 | D:13     | Killed Snorg
 10687 | D:13     | Noticed a two-headed ogre
 10691 | D:13     | Killed a two-headed ogre
 10711 | D:13     | Noticed a catoblepas
 10767 | D:13     | Killed a catoblepas
 10855 | D:13     | Reached skill level 11 in Shields
 10934 | D:13     | Noticed a centaur warrior
 10943 | D:13     | Killed a centaur warrior
 11264 | D:13     | Found an ancient bone altar of Kikubaaqudgha.
 11268 | D:13     | Found Xigifiyfe's Profane Products.
 11474 | D:13     | Noticed an ettin
 11485 | D:13     | Killed an ettin
 11496 | D:13     | Noticed an eight-headed hydra
 11508 | D:13     | Killed an eight-headed hydra
 11524 | D:13     | Found a gate to the Vaults.
 11603 | D:14     | Reached skill level 10 in Armour
 11603 | D:14     | Gained mutation: You are immune to clouds of flame.
                  | [demonic ancestry]
 11603 | D:14     | Reached XP level 13. HP: 97/97 MP: 15/15
 11736 | D:14     | Noticed Josephine
 11742 | D:14     | Killed Josephine
 11873 | D:14     | Noticed a fire dragon
 11888 | D:14     | Killed a fire dragon
 11909 | D:14     | Reached skill level 12 in Shields
 12089 | D:15     | Entered Level 15 of the Dungeon
 12790 | D:15     | Reached skill level 5 in Invocations
 12790 | D:15     | Gained mutation: Your magical and physical power is
                  | slightly enhanced at high health. [demonic ancestry]
 12790 | D:15     | Reached XP level 14. HP: 106/106 MP: 15/17
 12831 | D:15     | Found a staircase to the Depths.
 13567 | Lair:1   | Entered Level 1 of the Lair of Beasts
 14427 | Lair:2   | Found a staircase to the Shoals.
 14644 | Lair:2   | Found a white marble altar of Elyvilon.
 15212 | Lair:3   | Reached skill level 13 in Shields
 16148 | Lair:4   | Found a hole to the Spider Nest.
 16637 | Lair:5   | Found a staircase to the Slime Pits.
 17113 | Lair:5   | Reached ****** piety under Makhleb
 17402 | Lair:6   | Entered Level 6 of the Lair of Beasts
 17572 | Lair:6   | Gained mutation: You have a pair of horns on your head.
                  | [demonic ancestry]
 17572 | Lair:6   | Reached XP level 15. HP: 114/114 MP: 17/19
 17819 | Lair:6   | Reached skill level 14 in Shields
 17924 | Lair:6   | Reached skill level 5 in Dodging
 17985 | Lair:6   | Reached skill level 10 in Fighting
 18551 | Orc:1    | Entered Level 1 of the Orcish Mines
 18551 | Orc:1    | Noticed Harold
 18577 | Orc:1    | Killed Harold
 18691 | Orc:1    | Found Cuzaug Ifa's Distillery.
 18711 | Orc:1    | Bought a potion of might for 60 gold pieces
 18711 | Orc:1    | Bought a potion of ambrosia for 120 gold pieces
 18717 | Orc:1    | Found Nurr's Magic Scroll Shoppe.
 18728 | Orc:1    | Bought a scroll of fear for 45 gold pieces
 18728 | Orc:1    | Bought a scroll of noise for 13 gold pieces
 18792 | Orc:1    | Found Ympoef's Antique Armour Shoppe.
 18935 | Orc:2    | Entered Level 2 of the Orcish Mines
 18991 | Orc:2    | Noticed an orc warlord
 19000 | Orc:2    | Found a staircase to the Elven Halls.
 20140 | Orc:2    | Killed an orc warlord
 20205 | Orc:2    | Found Tosenete's Magic Scroll Shop.
 20224 | Orc:2    | Bought a scroll of blinking for 97 gold pieces
 20320 | Orc:2    | Found Olatz's Assorted Antiques.
 20324 | Orc:2    | Noticed Erolcha
 20330 | Orc:2    | Found Pudemecs's Antique Armour Boutique.
 20346 | Orc:2    | Found Bekempag's Gadget Boutique.
 20361 | Orc:2    | Killed Erolcha
 20378 | Orc:2    | Found Agod's Antique Weapon Emporium.
 20474 | Orc:1    | Found Zieduhuz's Assorted Antiques.
 20898 | Orc:1    | Bought a scroll labeled JUWKO DYCE for 30 gold pieces
 20898 | Orc:1    | Bought a potion of mutation for 240 gold pieces
 21140 | Shoals:1 | Entered Level 1 of the Shoals
 21257 | Shoals:1 | Reached XP level 16. HP: 117/124 MP: 16/20
 21274 | Shoals:1 | Noticed Roxanne
 21466 | Shoals:1 | Reached skill level 15 in Shields
 21589 | Shoals:1 | Found a runed translucent door.
 22219 | Shoals:1 | Killed Roxanne
 23106 | Shoals:3 | Noticed a kraken
 23106 | Shoals:3 | Noticed a kraken
 23321 | Shoals:3 | Found Hienuot's Antique Weapon Boutique.
 23404 | Shoals:3 | Noticed Polyphemus
 23413 | Shoals:3 | Noticed Louise
 23439 | Shoals:3 | Killed Louise
 23546 | Shoals:3 | Killed a kraken
 23636 | Shoals:3 | Killed Polyphemus
 23689 | Shoals:3 | Killed a kraken
 23872 | Shoals:3 | Noticed a kraken
 23981 | Shoals:3 | Killed a kraken
 24084 | Shoals:3 | Reached skill level 16 in Shields
 24090 | Shoals:3 | Noticed a kraken
 24648 | Shoals:3 | Killed a kraken
 24712 | Shoals:3 | Upgraded the game from 0.23-b1-67-g8bd44de8e4 to
                  | 0.23-b1-75-g379dba2534
 24732 | Shoals:4 | Entered Level 4 of the Shoals
 25027 | Shoals:4 | Gained mutation: You are mostly covered in sharp spines.
                  | [demonic ancestry]
 25027 | Shoals:4 | Reached XP level 17. HP: 133/133 MP: 21/21
 25135 | Shoals:4 | Noticed a kraken
 25491 | Shoals:4 | Killed a kraken
 25518 | Shoals:4 | Identified the +9 scimitar of Wumaz {vamp, rF+}
 25625 | Shoals:4 | Got a barnacled rune of Zot
 26136 | Shoals:4 | HP: 2/133 [drowned by a drowned soul[a merfolk avatar]
                  | (10)]
 26145 | Shoals:4 | HP: 4/133 [drowned by a drowned soul[a merfolk avatar]
                  | (12)]
 26149 | Shoals:4 | Drowned by a drowned soul

Skill      XL: |  1  2  3  4  5  6  7  8  9 10 11 12 13 14 15 16 17 |
---------------+----------------------------------------------------+-----
Long Blades    | 2 3 4 6 7 8 10 11 12 13 14 | 14.9
Armour         | 3 4 5 6 7 8 10 11 12 13 | 13.2
Shields        | 3 4 6 7 8 10 11 12 13 14 16 | 16.5
Dodging        | 1 2 3 4 5 |  5.4
Stealth        | 1 2 3 |  3.2
Fighting       | 4 5 6 7 8 9 10 11 12 | 12.0
Invocations    | 2 3 5 6 |  6.8
Unarmed Combat | |  0.5

Action                   |  1- 3 |  4- 6 |  7- 9 | 10-12 | 13-15 | 16-18 || total
-------------------------+-------+-------+-------+-------+-------+-------++-------
Melee: Long sword        |   113 |   125 |    53 |       |       |       ||   291
       Headbutt          |    18 |    30 |    87 |   252 |   535 |   302 ||  1224
       Scimitar          |       |       |   224 |   708 |  1482 |   748 ||  3162
       Unarmed           |       |       |       |       |       |   129 ||   129
Invok: Lesser Servant of |       |       |       |    20 |     7 |     9 ||    36
       Minor Destruction |       |       |       |     1 |    47 |    37 ||    85
       Greater Servant o |       |       |       |       |     2 |       ||     2
Evoke: Wand              |       |     2 |       |       |       |       ||     2
  Use: Potion            |     1 |     1 |       |     9 |       |    11 ||    22
       Scroll            |     1 |       |       |     5 |    16 |     7 ||    29
 Stab: Invisible         |     1 |       |       |       |       |       ||     1
       Sleeping          |       |       |     2 |     7 |       |       ||     9
       Distracted        |       |       |       |     4 |     2 |     4 ||    10
  Eat: Chunk             |     2 |     4 |     8 |    18 |    28 |    11 ||    71
       Ration            |       |     1 |       |     1 |     1 |     2 ||     5
Armor: Scale mail        |    64 |    31 |    14 |       |       |       ||   109
       Ring mail         |       |       |    64 |   149 |       |       ||   213
       Chain mail        |       |       |     2 |       |       |       ||     2
       Plate armour      |       |       |       |   104 |   728 |   528 ||  1360
Dodge: Dodged            |    39 |    27 |    72 |   236 |   451 |   321 ||  1146
Block: Shield            |    74 |    44 |   146 |   499 |  1058 |   385 ||  2206
       Large shield      |       |       |       |       |       |   620 ||   620
       Rpst.: Long sword |    14 |    12 |     4 |       |       |       ||    30
       Scimitar          |       |       |    23 |    58 |    89 |    67 ||   237
